 Dungeon Crawl Stone Soup version 0.26.1-2-gb8aa6d0cf2 (webtiles) character file.

Game seed: 13038576515226789905

123 Amaterasu the Skirmisher (level 5, -2/57 HPs)
             Began as an Ogre Monk on Feb 10, 2021.
             Slain by a worker ant (4 damage)
             ... on level 2 of the Dungeon.
             The game lasted 00:02:12 (1995 turns).

Amaterasu the Skirmisher (Ogre Monk)                Turns: 1995, Time: 00:02:12

Health: -2/57      AC:  3    Str: 16    XL:     5   Next: 7%
Magic:  5/5        EV: 10    Int: 11    God:
Gold:   88         SH:  0    Dex: 11    Spells: 4/4 levels left

rFire    . . .     SeeInvis .   a - +1 mace
rCold    . . .     Faith    .   (no shield)
rNeg     . . .     Spirit   .   b - +0 robe
rPois    .         Reflect  .   (helmet restricted)
rElec    .         Harm     .   (no cloak)
rCorr    .         Rampage  .   (gloves unavailable)
Will     .....                  (boots unavailable)
Stlth    ++........             (no amulet)
HPRegen  0.19/turn              (no ring)
MPRegen  0.09/turn              e - ring of wizardry

@: lethally poisoned (-2 -> -26)
A: large, unfitting armour, tough skin 1
a: no special abilities


You were on level 2 of the Dungeon.
You visited 1 branch of the dungeon, and saw 2 of its levels.

You collected 88 gold pieces.

Inventory:

Hand Weapons
 a - a +1 mace (weapon)
Armour
 b - a +0 robe (worn)
Jewellery
 e - a ring of wizardry (right hand)
Scrolls
 c - a scroll of blinking {unknown}


   Skills:
 * Level 5.5 Fighting
 * Level 4.3 Maces & Flails
 - Level 2.6 Dodging
 - Level 1.4 Stealth


You had 4 spell levels left.
You didn't know any spells.
Your spell library was empty.

Dungeon Overview and Level Annotations

Branches:
Dungeon (2/15)

Altars:
Uskayaw


Innate Abilities, Weirdness & Mutations

You are too large for most types of armour.
You have tough skin. (AC +1)


Message History

Okay, then.
You closely miss the worker ant.
The worker ant is heavily wounded.
* * * LOW HITPOINT WARNING * * *
You feel very sick. The worker ant barely misses you. The worker ant bites you.
* * * LOW HITPOINT WARNING * * *
You are more poisoned.
The worker ant poisons you!
You barely miss the worker ant.
The worker ant is heavily wounded.
* * * LOW HITPOINT WARNING * * *
You feel sick.
The worker ant bites you but does no damage.
You hit the worker ant but do no damage.
The worker ant is heavily wounded.
* * * LOW HITPOINT WARNING * * *
You feel very sick. The worker ant barely misses you. The worker ant bites you.
You die...

#...##.#.#.......#.
#...##.#.........#.
##...##'#...........
#............^......
#...................
#..........######...
##...#..............
##.......########..
#@................
#B............#.##
#.................
#.................
#............##...
.?........... #...
............ #...
........... ......
... ......


You could see a worker ant.

Vanquished Creatures
  Natasha (thrice) (D:2)
  An adder (D:2)
  2 dart slugs
  2 leopard geckos (D:1)
  5 bats
  2 giant cockroaches (D:1)
  5 goblins
  4 hobgoblins
  4 jackals (D:1)
  3 kobolds
  2 frilled lizards
  5 rats
38 creatures vanquished.

Notes
Turn   | Place    | Note
-------+----------+-------------------------------------------
     0 | D:1      | Amaterasu the Ogre Monk began the quest for the Orb.
     0 | D:1      | Reached XP level 1. HP: 24/24 MP: 1/1
   272 | D:1      | Reached XP level 2. HP: 32/33 MP: 2/2
   357 | D:1      | You fall into a shaft and drop 1 floor!
   396 | D:2      | Noticed Natasha
   407 | D:2      | Killed Natasha
   408 | D:2      | Reached XP level 3. HP: 16/41 MP: 3/3
   448 | D:2      | HP: 2/41 [adder (2)]
   452 | D:2      | Reached skill level 5 in Fighting
   754 | D:2      | Noticed Natasha
   762 | D:2      | Killed Natasha
   763 | D:2      | Reached XP level 4. HP: 32/50 MP: 4/4
  1529 | D:2      | Found a hide-covered altar of Uskayaw.
  1575 | D:2      | Noticed Natasha
  1588 | D:2      | Killed Natasha
  1589 | D:2      | Reached XP level 5. HP: 7/57 MP: 5/5
  1995 | D:2      | HP: 2/57 [poisoned by a worker ant]
  1995 | D:2      | Slain by a worker ant

Illustrated notes

Levels and vault maps discovered:
D:1:      dpeg_arrival_simpleton_c, layout_basic
D:2:      layout_basic, overflow_temple_1_default, uniq_natasha

Skill      XL: |  1  2  3  4 |
---------------+-------------+-----
Maces & Flails | 3 4 |  4.3
Fighting       | 5 |  5.5
Dodging        | |  2.6
Stealth        | |  1.4

Action                   |  1- 3 |  4- 6 || total
-------------------------+-------+-------++-------
Melee: Mace              |    48 |    86 ||   134
  Use: Scroll            |       |     4 ||     4
 Stab: Sleeping          |     1 |     2 ||     3
Armor: Robe              |    12 |    30 ||    42
Dodge: Dodged            |    19 |    51 ||    70
